 Dungeon Crawl Stone Soup version 0.18-a0-1713-g50a528e (webtiles) character file.

10474 Murumi the Pacifist (level 11, -20/90 HPs)
             Began as a Formicid Fighter on Apr 7, 2016.
             Was an Elder of Elyvilon.
             Demolished by an ettin
             ... wielding a +0 dire flail
              (25 damage)
             ... on level 2 of the Orcish Mines.
             The game lasted 02:15:46 (12240 turns).

Murumi the Pacifist (Formicid Fighter)             Turns: 12240, Time: 02:15:47

Health: -20/90     AC: 22    Str: 24    XL:     11   Next: 93%
Magic:  14/18      EV:  9    Int:  8    God:    Elyvilon [****..]
Gold:   371        SH: 14    Dex: 10    Spells: 0 memorised, 10 levels left

rFire  . . .     SeeInvis +     y - +0 scimitar (freeze)
rCold  + . .     Gourm    .     s - +1 plate armour {rC+}
rNeg   . . .     Faith    .     F - +2 shield
rPois  .         Spirit   .     (helmet unavailable)
rElec  .         Dismiss  .     t - +0 cloak
rCorr  .         Reflect  .     g - +2 pair of gloves
SustAt .         Harm     .     B - +1 pair of boots
MR     +....                    (no amulet)
Stlth  ..........               (no ring)
                                c - +2 ring of evasion

@: somewhat resistant to hostile enchantments, extremely unstealthy
A: permanent stasis, dig shafts and tunnels, four strong arms, antennae 3
a: Dig, Shaft Self, Lesser Healing, Heal Other, Purification, Greater Healing,
Divine Protection, Renounce Religion


You were on level 2 of the Orcish Mines.
You worshipped Elyvilon.
Elyvilon was greatly pleased with you.
You were not hungry.

You visited 3 branches of the dungeon, and saw 13 of its levels.
You also visited: Sewer.

You collected 868 gold pieces.
You spent 497 gold pieces at shops.

Inventory:

Hand Weapons
 y - a +0 scimitar of freezing (weapon)
Missiles
 l - 78 bolts
 E - 10 poisoned bolts
Armour
 g - a +2 pair of gloves (worn)
 s - a +1 plate armour of cold resistance (worn)
 t - a +0 cloak (worn)
 B - a +1 pair of boots (worn)
 F - a +2 shield (worn)
Jewellery
 c - a +2 ring of evasion (left hand)
Wands
 e - a wand of acid (5/15)
Scrolls
 j - a scroll of enchant weapon
 q - a scroll of remove curse
 r - a scroll of enchant armour
 v - 2 scrolls of recharging
 w - a scroll of fear
 z - 2 scrolls of fog
Potions
 d - a potion of degeneration {unknown}
 h - 2 potions of resistance
 i - 2 potions of cancellation
 k - 3 potions of heal wounds
 m - 6 potions of curing
 p - 2 potions of flight
 x - a potion of invisibility {unknown}
 C - a potion of brilliance {unknown}
Comestibles
 a - 6 beef jerkies
 b - 3 meat rations
 f - 7 bread rations
 o - 6 chunks of flesh
 u - 6 fruits
 D - a royal jelly


   Skills:
 - Level 10.0 Fighting
 + Level 8.1 Long Blades
 - Level 9.0 Armour
 - Level 10.0 Shields
 - Level 10.1 Invocations


You had 10 spell levels left.
You didn't know any spells.

Dungeon Overview and Level Annotations

Branches:
Dungeon (10/15)            Temple (1/1) D:5            Lair (0/8) D:8
    Orc (2/2) D:10            Elf (0/3) Orc:2

Altars:
Ashenzari
Cheibriados
Dithmenos
Elyvilon
Fedhas
Gozag
Kikubaaqudgha
Makhleb
Nemelex Xobeh
Okawaru
Pakellas
Qazlal
Ru
Sif Muna
Trog
Vehumet
Xom
Yredelemnul
Zin
The Shining One
Beogh

Shops:
D:4 [   D:6 ?   D:7 *   D:8 :   Orc:2 (*=


Innate Abilities, Weirdness & Mutations

You are under a permanent stasis effect.
You can dig through walls and to a lower floor.
Your four strong arms can wield two-handed weapons with a shield.
You have a pair of large antennae on your head (SInv).


Message History

The ettin barely misses you. You block the ettin's attack.
Your plate armour prevents you from hitting the ettin.
The ettin is heavily wounded.
The ettin hits you but does no damage. The ettin hits you with a dire flail!
* * * LOW HITPOINT WARNING * * *
You are healed.
You feel somewhat more hungry. You block the ettin's attack. x2
You slash the ettin! You freeze the ettin.
The ettin is severely wounded.
The ettin hits you with a dire flail!
* * * LOW HITPOINT WARNING * * *
The ettin hits you but does no damage.
You are healed.
You feel somewhat more hungry.
You are healed.
You feel somewhat more hungry. The ettin hits you but does no damage.
You block the ettin's attack.
You slash the ettin! You freeze the ettin.
The ettin is almost dead.
The ettin hits you with a dire flail!!
* * * LOW HITPOINT WARNING * * *
The ettin hits you with a dire flail!!
You die...

.....#.##......................
.#..o{...###............)......
..#..#........#..........<.......
.....o.....#..).......#.#..#.....
.....>....#...###.....#######....
.......{.###.## #...#.# ####.....
......{...#...# #...### #.....#..
..........#...####..# ###....###.
.........).....#@######.....#.#.#
..........{...#C## #......#.....
...)############# #.......#.#..
......# ###.......#.. ......#
#........##. ......# #........#..
......# ##.......... ....{.#
###..#..... ....... #####....


You could see an ettin.

Vanquished Creatures
  An orc high priest (Orc:2)
  The ghost of trgk the Blocker, a novice GrFi of Cheibriados (D:9)
  The ghost of Pereza0 the Spear-Bearer, a novice HuSk of Nemelex Xobeh (D:6)
  Pikel (D:6)
  An orc knight (Orc:2)
  Psyche (D:9)
  A two-headed ogre (D:8)
  Prince Ribbit (D:6)
  Sigmund (D:2)
  3 yaks (D:10)
  2 hippogriffs
  The ghost of Blackbelt the Slasher, an amateur DsGl (D:3)
  A water moccasin (D:7)
  Duvessa (D:6)
  2 sky beasts
  10 orc warriors
  A black bear (D:8)
  2 ice beasts
  A phantom (D:9)
  4 ogres
  4 crocodiles (D:8)
  6 centaurs
  7 big kobolds
  6 giant frogs
  Dowan (D:6)
  A water moccasin zombie (D:8)
  3 scorpions
  3 howler monkeys
  5 crimson imps
  2 jellies
  A giant frog zombie (D:10)
  2 hounds
  12 orc wizards
  14 orc priests
  2 giant frog skeletons
  2 centaur skeletons
  An iguana (D:10)
  Terence (D:2)
  6 worker ants
  2 hound skeletons
  A howler monkey skeleton (D:10)
  2 worker ant zombies
  17 adders
  7 river rats
  3 shadow imps
  2 oozes (Sewer)
  5 worms
  6 dart slugs
  9 giant geckos
  64 orcs
  9 bats
  4 giant cockroaches
  6 goblins
  5 hobgoblins
  12 jackals
  32 kobolds
  3 quokkas
  8 ball pythons
  A ball python zombie (D:5)
  2 giant newts (D:2)
  A jackal skeleton (D:5)
  A quokka skeleton (D:4)
  21 rats
339 creatures vanquished.

Vanquished Creatures (others)
  2 orcs (D:6)
  10 fungi (D:8)
  2 plants (D:8)
14 creatures vanquished.

Grand Total: 353 creatures vanquished

Notes
Turn   | Place    | Note
--------------------------------------------------------------
     0 | D:1      | Murumi the Formicid Fighter began the quest for the Orb.
     0 | D:1      | Reached XP level 1. HP: 18/18 MP: 1/1
   170 | D:1      | Reached XP level 2. HP: 24/24 MP: 2/2
   405 | D:1      | Reached XP level 3. HP: 29/29 MP: 3/3
   513 | D:2      | Noticed Sigmund
   525 | D:2      | Killed Sigmund
   525 | D:2      | Reached skill level 5 in Fighting
   525 | D:2      | Reached XP level 4. HP: 16/40 MP: 4/4
   525 | D:2      | Reached XP level 5. HP: 19/46 MP: 5/5
   712 | D:2      | Found an oddly glowing altar of Pakellas.
   823 | D:2      | Reached XP level 6. HP: 49/52 MP: 6/6
   939 | D:2      | Noticed Terence
   958 | D:2      | Killed Terence
  1435 | D:2      | Reached skill level 5 in Shields
  1947 | D:3      | Found an iron altar of Okawaru.
  2212 | D:3      | Noticed Blackbelt's ghost (amateur DsGl)
  2251 | D:3      | Killed Blackbelt's ghost
  2251 | D:3      | Reached XP level 7. HP: 31/58 MP: 7/7
  2737 | D:4      | Found Juwiwoal's Armour Shoppe.
  2908 | D:4      | Bought a +0 pair of boots for 49 gold pieces
  2993 | D:4      | Reached skill level 5 in Armour
  3446 | D:5      | Entered Level 5 of the Dungeon
  3604 | D:5      | Reached XP level 8. HP: 48/64 MP: 8/8
  3700 | D:5      | Found an ancient bone altar of Kikubaaqudgha.
  3724 | D:5      | Found a burning altar of Makhleb.
  3724 | D:5      | Found a glowing silver altar of Zin.
  3740 | D:5      | Reached skill level 5 in Long Blades
  3741 | D:5      | Noticed an angel
  3741 | D:5      | Noticed a green death
  3778 | D:5      | Found a deep blue altar of Sif Muna.
  3951 | D:5      | Found a staircase to the Ecumenical Temple.
  3964 | Temple   | Entered the Ecumenical Temple
  3984 | Temple   | Became a worshipper of Elyvilon the Healer
  4135 | D:5      | Found an opulent altar of Gozag.
  4592 | D:6      | Found Vil Ecef's Magic Scroll Boutique.
  4638 | D:6      | Found a glowing drain.
  4669 | Sewer    | Entered a sewer
  4830 | Sewer    | Reached * piety under Elyvilon
  5218 | Sewer    | Reached XP level 9. HP: 67/69 MP: 12/12
  5377 | D:6      | Noticed Prince Ribbit
  5385 | D:6      | Killed Prince Ribbit
  5426 | D:6      | Noticed Pereza0's ghost (novice HuSk)
  5433 | D:6      | Killed Pereza0's ghost
  5443 | D:6      | Bought a scroll of identify for 26 gold pieces
  6067 | D:6      | Noticed Duvessa
  6067 | D:6      | Noticed Dowan
  6080 | D:6      | Killed Duvessa
  6102 | D:6      | Killed Dowan
  6209 | D:6      | Noticed Pikel
  6246 | D:6      | Killed Pikel
  6246 | D:6      | Reached XP level 10. HP: 53/80 MP: 16/16
  6881 | D:7      | Reached ** piety under Elyvilon
  6997 | D:7      | Found Minotzur's Assorted Antiques.
  7007 | D:7      | Bought a scroll labeled ECVIAMOSK for 32 gold pieces
  7007 | D:7      | Bought a scroll of identify for 64 gold pieces
  7007 | D:7      | Bought a golden potion for 28 gold pieces
  7433 | D:8      | Found a sparkling altar of Nemelex Xobeh.
  8281 | D:8      | Found a staircase to the Lair.
  8301 | D:8      | Found a glowing golden altar of the Shining One.
  8302 | D:8      | Found a sacrificial altar of Ru.
  8367 | D:8      | Found Tenuyf's Book Emporium.
  8386 | D:8      | Found a blossoming altar of Fedhas.
  8647 | D:9      | Noticed Psyche
  8667 | D:9      | Killed Psyche
  8667 | D:9      | Reached XP level 11. HP: 51/86 MP: 17/17
  8963 | D:9      | Reached *** piety under Elyvilon
  8967 | D:9      | Found a snail-covered altar of Cheibriados.
  9021 | D:9      | Found a shimmering altar of Xom.
  9021 | D:9      | Found a shimmering altar of Xom.
  9032 | D:9      | Found a shimmering altar of Xom.
  9032 | D:9      | Found a shimmering altar of Xom.
  9037 | D:9      | Noticed trgk's ghost (novice GrFi)
  9096 | D:9      | Killed trgk's ghost
  9491 | D:9      | Noticed a hill giant
  9523 | D:9      | Noticed a griffon
  9523 | D:9      | a giant leech changed into a griffon
 10008 | D:10     | Entered Level 10 of the Dungeon
 10153 | D:10     | Reached skill level 10 in Fighting
 10223 | D:10     | Found a roughly hewn altar of Beogh.
 10223 | D:10     | Found a staircase to the Orcish Mines.
 11042 | D:10     | Reached skill level 10 in Shields
 11184 | Orc:1    | Entered Level 1 of the Orcish Mines
 11224 | Orc:1    | Reached **** piety under Elyvilon
 11279 | Orc:2    | Entered Level 2 of the Orcish Mines
 11293 | Orc:2    | Found Kezxiwes's Assorted Antiques.
 11294 | Orc:2    | Found Bekuac's Antique Weapon Emporium.
 11366 | Orc:2    | Bought a scroll labeled MIZIOQURUNI for 27 gold pieces
 11366 | Orc:2    | Bought a glowing shield for 121 gold pieces
 11393 | Orc:2    | Found Desuri Weph's Jewellery Shop.
 11420 | Orc:2    | Bought a +2 ring of evasion for 150 gold pieces
 11845 | Orc:2    | Found a staircase to the Elven Halls.
 11850 | Orc:2    | Noticed an orc knight
 11891 | Orc:2    | Killed an orc knight
 11891 | Orc:2    | Reached skill level 10 in Invocations
 12124 | Orc:2    | Noticed an orc high priest
 12146 | Orc:2    | Killed an orc high priest
 12219 | Orc:2    | Noticed an ettin
 12240 | Orc:2    | Demolished by an ettin

Vault maps used:
D:1:      enne_arrival_octagon_isle, corexii_item_surrounded_by_moat,
          minmay_distorted
D:2:      first_bread, hangedman_decor_slide_cut, grunt_pakellas_basics,
          uniq_sigmund, uniq_terence
D:3:      okawaru_gym_becter
D:4:      serial_shops, nicolae_shop_window_shopping
D:5:      grunt_temple_overflow_order_and_chaos_2, grunt_gozag_breadcrumbs,
          kiku_gazebo_pond_becter, lemuel_doored_altar,
          minmay_temple_entry_statues
D:6:      serial_shops, nicolae_shop_temple_entry_statues_fountains,
          gup_sewer_entry_glass, nicolae_ossuary_entry_monument,
          minmay_unpleasant_kobolds, uniq_pikel, uniq_prince_ribbit1,
          uniq_duvessa
D:7:      serial_shops, shop
D:8:      kennysheep_mini, nicolae_overflow_crystal_walls,
          gammafunk_temple_overflow_pools, grunt_lair_entry_orc_guard_hut,
          serial_shops, shop_fountains, grunt_ogre_cave
D:9:      lemuel_crystal_altar, xom_shifter_show, uniq_psyche
D:10:     david_orc_5, minmay_misc_feat_hallway
Temple:   circular_temple_pool_8
Orc:1:    abandoned_shop, hangedman_minor_magic, uniq_erolcha
Orc:2:    st_orc_congregation, serial_shops, nicolae_shop_crystal,
          nicolae_shop_behind_doors, nicolae_shop_temple_entry_statues_fountains
Sewer:    sewer_co_tree

Skill      XL: |  1  2  3  4  5  6  7  8  9 10 11 |
---------------+----------------------------------+-----
Shields        | 4 5 6 7 8 9 10 | 10.0
Long Blades    | 3 4 5 7 8 |  8.1
Fighting       | 5 6 7 8 10 | 10.0
Armour         | 4 5 6 8 9 |  9.0
Invocations    | 4 9 10 | 10.1

Action                   |  1- 3 |  4- 6 |  7- 9 | 10-12 || total
-------------------------+-------+-------+-------+-------++-------
Melee: Long sword        |    46 |   251 |   332 |       ||   629
       Scimitar          |       |       |   121 |   896 ||  1017
Invok: Lesser Healing    |       |       |     2 |    12 ||    14
 Abil: Dig               |       |     1 |     4 |    14 ||    19
Evoke: Wand              |       |     3 |     5 |     2 ||    10
  Use: Scroll            |     5 |     2 |    11 |     6 ||    24
       Potion            |     1 |     1 |       |     3 ||     5
  Eat: Chunk             |       |     5 |    12 |    22 ||    39
       Beef jerky        |       |       |     1 |     1 ||     2
       Pizza             |       |       |     1 |       ||     1
